 Dungeon Crawl Stone Soup version 0.31.0-4-g52a2dc7128 (webtiles) character file.

Game seed: 13210600710559852024

3539715 Amplified the Minotaur Barricade (level 26, 266/266 HPs)
             Began as a Minotaur Alchemist on Jan 20, 2024.
             Was the Champion of Dithmenos.
             Escaped with the Orb
             ... and 5 runes
             ... and 3 gems on Jan 22, 2024!
             The game lasted 03:31:36 (67217 turns).

Amplified the Minotaur Barricade (MiAl)            Turns: 67217, Time: 03:31:37

Health: 266/266    AC: 22    Str: 26      XL:     26   Next: 76%
Magic:  33/35      EV: 23    Int:  9      God:    Dithmenos [******]
Gold:   1785       SH: 33    Dex: 15 (16) Spells: 22/44 levels left

rFire   + . .        G - +9 double sword (freeze)
rCold   + + .        y - +8 tower shield
rNeg    + + .        o - quicksilver dragon scales
rPois   +            (helmet restricted)
rElec   +            g - scarf {rC+ rF+}
rCorr   +            v - +2 pair of gloves
SInv    .            N - +2 pair of boots {Fly}
Will    ++...        e - amulet of Evuluss {Acrobat +Blink}
Stlth   +++          r - ring of Pidigaer {^Drain rElec rN+ rCorr Str+3 Slay+3}
HPRegen 0.64/turn    n - ring "Ifurgh" {rPois rC+ rN+}
MPRegen 0.24/turn

%: acrobat
@: flying, wreathed by umbra, studying 2 skills
A: horns 2, retaliatory headbutt, deterioration 1, dopey 1, screaming 1, strong
1, devolution 1
0: Orb of Zot
}: 5/15 runes: barnacled, slimy, silver, abyssal, gossamer
a: Renounce Religion, Evoke Blink, Shadow Step, Shadow Form


You escaped.
You worshipped Dithmenos.
Dithmenos was exalted by your worship.
You visited 12 branches of the dungeon, and saw 56 of its levels.
You visited the Abyss 4 times.
You visited 1 ziggurat, and saw 5 of its levels.
You also visited: Ice Cave and Desolation.

You collected 7595 gold pieces.
You spent 5810 gold pieces at shops.

Inventory:

Hand Weapons
 m - the +7 Throatcutter {drain, coup de grace}
   (You found it on level 2 of the Dungeon)
 G - a +9 double sword of freezing (weapon)
 H - a +4 sacred scourge of holy wrath
Missiles
 P - a throwing net (quivered)
Armour
 f - the +5 moon troll leather armour {Spirit, Regen++ MP+5}
   (You bought it in a shop on level 7 of the Dungeon)

   MP+5:      It affects your magic capacity (+5).
   Regen++:   It increases your rate of health regeneration.
 g - a scarf of resistance (worn)
 o - quicksilver dragon scales (worn)
 t - a +2 hat of intelligence
 u - the +11 plate armour of Jiucwin {rF+ Will- Slay+2}
   (You found it on level 5 of a ziggurat)

   Slay+2:    It affects your accuracy & damage with ranged weapons and melee
   (+2).
   rF+:       It protects you from fire.
   Will-:     It decreases your willpower.
 v - a +2 pair of gloves (worn)
 y - a +8 tower shield (worn)
 N - a +2 pair of boots of flying (worn)
 O - +0 fire dragon scales
 U - the +2 ratskin cloak {*Rats rPois rN+ Str-1 Int-1 Dex+1}
   (You found it on level 11 of the Dungeon)

   *Rats:     When the wearer is hurt, rats may emerge from it to assist them.
   Str-1:     It affects your strength (-1).
   Int-1:     It affects your intelligence (-1).
   Dex+1:     It affects your dexterity (+1).
   rPois:     It protects you from poison rN+: It protects you from negative
   energy.
Jewellery
 d - a ring "Leovys" {rElec Str+5 Int+6 Dex-2}
   (You took it off a deep elf sorcerer on level 3 of the Elven Halls)

   [ring of intelligence]

   Str+5:     It affects your strength (+5).
   Int+6:     It affects your intelligence (+6).
   Dex-2:     It affects your dexterity (-2).
   rElec:     It insulates you from electricity.
 e - the amulet of Evuluss (around neck) {Acrobat +Blink}
   (You found it in an ice cave)

   [amulet of the acrobat]

   Acrobat:   It increases your evasion while moving and waiting.
   +Blink:    It lets you blink.
 n - the ring "Ifurgh" (right hand) {rPois rC+ rN+}
   (You found it on level 3 of the Crypt)

   [ring of positive energy]

   rC+:       It protects you from cold.
   rPois:     It protects you from poison rN+: It protects you from negative
   energy.
 r - the ring of Pidigaer (left hand) {^Drain rElec rN+ rCorr Str+3 Slay+3}
   (You found it on level 1 of the Elven Halls)

   [ring of positive energy]

   Str+3:     It affects your strength (+3).
   Slay+3:    It affects your accuracy & damage with ranged weapons and melee
   (+3).
   rElec:     It insulates you from electricity.
   rN+:       It protects you from negative energy.
   rCorr:     It protects you from acid and corrosion.
   ^Drain:    It drains your maximum health when unequipped.
 w - the ring "Buidar" {+Blink Will+ SInv}
   (You found it on level 5 of the Lair of Beasts)

   [ring of willpower]

   Will+:     It increases your willpower.
   SInv:      It lets you see invisible.
   +Blink:    It lets you blink.
 B - the ring "Otong" {+Blink EV+5 Slay+3 Stlth+}
   (You found it on level 3 of the Crypt)

   [ring of evasion]

   EV+5:      It affects your evasion (+5).
   Slay+3:    It affects your accuracy & damage with ranged weapons and melee
   (+3).
   +Blink:    It lets you blink.
   Stlth+:    It makes you more stealthy.
 X - a ring of protection from fire
Wands
 a - a wand of paralysis (29)
 x - a wand of roots (81)
 J - a wand of mindburst (42)
 W - a wand of quicksilver (7)
Scrolls
 c - 10 scrolls of teleportation
 i - 2 scrolls of fear
 s - 7 scrolls of poison
 z - a scroll of butterflies
 C - a scroll of enchant weapon
 L - a scroll of vulnerability
 T - a scroll of amnesia
 Y - 4 scrolls of fog
 Z - 2 scrolls of immolation
Potions
 b - 5 potions of magic
 j - 7 potions of enlightenment
 k - 9 potions of ambrosia
 A - 21 potions of curing
 E - 2 potions of attraction
 M - 8 potions of brilliance
 Q - 6 potions of lignification
 S - 10 potions of heal wounds
Miscellaneous
 h - a condenser vane
 D - a lightning rod (4/4)
 I - a phantom mirror
 K - a phial of floods (inert)
 V - a sack of spiders (inert)


   Skills:
 O Level 27 Fighting
 - Level 16.9 Long Blades
 - Level 1.1 Maces & Flails
 - Level 1.3 Ranged Weapons
 - Level 1.0 Throwing
 * Level 15.1 Armour
 * Level 22.5 Dodging
 * Level 14.2 Stealth
 O Level 27 Shields
 * Level 9.9 Spellcasting
 - Level 0.6 Conjurations
 - Level 9.8 Summonings
 - Level 6.9 Translocations
 - Level 11.3 Fire Magic
 - Level 10.5 Earth Magic
 - Level 2.1 Alchemy
 - Level 11.0 Invocations
 - Level 6.3 Evocations


You had 22 spell levels left.
You knew the following spells:

 Your Spells              Type           Power      Damage    Failure   Level
a - Lesser Beckoning      Tloc           34%        N/A       1%          2
b - Manifold Assault      Tloc           17%        N/A       11%         4
c - Sticky Flame          Fire/Alch      16%        2d5       12%         4
d - Summon Blazeheart Go  Fire/Summ      23%        N/A       2%          4
e - Passwall              Erth           23%        N/A       1%          3
f - Lee's Rapid Deconstr  Erth           11%        3d8*      7%          5

Your spell library contained the following spells:

 Spells                   Type           Power      Damage    Failure   Level
 Foxfire                  Conj/Fire      60%        2x1d7     1%          1
 Summon Small Mammal      Summ           88%        N/A       1%          1
 Call Imp                 Summ           44%        N/A       1%          2
 Volatile Blastmotes      Fire/Tloc      40%        2d13      1%          3
 Gell's Gravitas          Tloc           17%        N/A       3%          3
 Teleport Other           Tloc           17%        N/A       3%          3
 Animate Armour           Summ/Erth      44%        N/A       3%          4
 Inner Flame              Hex/Fire       14%        N/A       6%          3
 Stone Arrow              Conj/Erth      28%        3d8       6%          3
 Summon Ice Beast         Ice/Summ       13%        N/A       8%          3
 Sting                    Conj/Alch      28%        1d4       11%         1
 Ignite Poison            Fire/Alch      16%        N/A       12%         4
 Magic Dart               Conj           20%        1d4       16%         1
 Mercury Vapours          Alch/Air       12%        N/A       19%         2
 Necrotise                Necr           16%        1d4       21%         1
 Slow                     Hex            16%        N/A       21%         1
 Searing Ray              Conj           10%        2d4       22%         2
 Martyr's Knell           Necr/Summ      13%        N/A       26%         4
 Summon Lightning Spire   Summ/Air       13%        N/A       26%         4
 Ensorcelled Hibernation  Hex/Ice        8%         N/A       30%         2
 Sublimation of Blood     Necr           4%         N/A       30%         2
 Mephitic Cloud           Conj/Alch/Air  6%         N/A       36%         3
 Iskenderun's Mystic Bla  Conj/Tloc      11%        2d4       38%         4
 Dimensional Bullseye     Hex/Tloc       5%         N/A       43%         4
 Fireball                 Conj/Fire      7%         3d5       43%         5
 Dazzling Flash           Conj/Hex       10%        N/A       45%         3
 Confusing Touch          Hex            4%         N/A       52%         3
 Fugue of the Fallen      Necr           4%         N/A       52%         3
 Ozocubu's Armour         Ice            4%         N/A       52%         3
 Sigil of Binding         Hex            4%         N/A       52%         3
 Swiftness                Air            4%         N/A       52%         3
 Tukima's Dance           Hex            4%         N/A       52%         3
 Vampiric Draining        Necr           4%         2d6       52%         3
 Borgnjor's Vile Clutch   Necr/Erth      6%         N/A       52%         5
 Summon Mana Viper        Hex/Summ       13%        N/A       58%         5
 Olgreb's Toxic Radiance  Alch           8%         N/A       61%         4
 Fulminant Prism          Conj/Alch      3%         3d5       73%         4
 Anguish                  Hex/Necr       2%         N/A       89%         4
 Cause Fear               Hex            2%         N/A       89%         4
 Starburst                Conj/Fire      7%         6d4       95%         6
 Plasma Beam              Fire/Air       7%         2x1d17    96%         6
 Monstrous Menagerie      Summ           11%        N/A       96%         7
 Summon Hydra             Summ           11%        N/A       96%         7
 Irradiate                Conj/Alch      3%         3d12      97%         5
 Bombard                  Conj/Erth      7%         9d2       97%         6
 Arcjolt                  Conj/Air       2%         1d12      99%         5
 Curse of Agony           Necr           4%         N/A       99%         5
 Freezing Cloud           Conj/Ice/Air   2%         6-21      99%         5
 Iskenderun's Battlesphe  Conj           5%         2d6       99%         5
 Silence                  Hex/Air        2%         N/A       99%         5
 Sculpt Simulacrum        Ice/Alch       3%         N/A       100%        6
 Enfeeble                 Hex            2%         N/A       100%        7
 Haunt                    Necr/Summ      6%         N/A       100%        7
 Ozocubu's Refrigeration  Ice            2%         4d7       100%        7
 Spellforged Servitor     Conj/Summ      6%         N/A       100%        7
 Borgnjor's Revivificati  Necr           2%         N/A       100%        8
 Discord                  Hex            2%         N/A       100%        8
 Ignition                 Fire           12%        3d6       100%        8
 Lehudib's Crystal Spear  Conj/Erth      7%         10d3      100%        8
 Maxwell's Capacitive Co  Air            2%         ∞         100%        8
 Chain Lightning          Conj/Air       2%         3d3       100%        9
 Death's Door             Necr           2%         N/A       100%        9
 Dragon's Call            Summ           11%        N/A       100%        9
 Fire Storm               Conj/Fire      7%         8d2       100%        9
 Polar Vortex             Ice            2%         N/A       100%        9
 Shatter                  Erth           11%        3d12*     100%        9


Dungeon Overview and Level Annotations

Branches:
Dungeon (15/15)            Temple (1/1) D:7            Lair (5/5) D:9
 Shoals (4/4) Lair:3       Spider (4/4) Lair:2        Slime (5/5) Lair:4
    Orc (2/2) D:11            Elf (3/3) Orc:2        Vaults (5/5) D:14
  Crypt (3/3) Vaults:2       Tomb (0/3) Crypt:3      Depths (4/4) D:15
    Zot (5/5) Depths:4      IceCv (visited)         Desolation (visited)

Altars:
Ashenzari
Cheibriados
Dithmenos
Elyvilon
Fedhas
Gozag
Hepliaklqana
Kikubaaqudgha
Makhleb
Nemelex Xobeh
Okawaru
Qazlal
Ru
Sif Muna
Trog
Uskayaw
Vehumet
Wu Jian
Xom
Yredelemnul
Zin
The Shining One
Jiyva
Lugonu

Shops:
D:7 *=![[?   D:14 !   Orc:2 *[*(   Shoals:4 *   Vaults:2 *   Vaults:5 !!
Crypt:2 **   Zot:3 *

Portals:
Hell: Depths:1 Depths:2 Depths:3 Depths:4
Abyss: Lair:5 Depths:3
Pandemonium: Depths:2 Depths:4

Annotations:
Elf:1 1 runed translucent door
Depths:4 Consider Slime.


Innate Abilities, Weirdness & Mutations

You have a pair of horns on your head.
You reflexively headbutt those who attack you in melee.
Your body sometimes deteriorates upon taking damage.
You are dopey. (Int -2)
You occasionally shout uncontrollably at your foes.
Your muscles are strong. (Str +4, Int/Dex -1)
You have hidden genetic defects.


Message History

There is a stone staircase leading up here.
You fly upwards.
There is a stone staircase leading down here.
Unknown command.
What level of the Dungeon? (default 1, ? - help)
You see here a +0 club.
There is a stone staircase leading down here.
There is an open door here.
Things that are here:
a +0 ring mail; a +0 flail A balrug and 4 sun demons come into view.
There is a stone staircase leading up here.
The sun demon shouts!
You fly upwards.
There is a stone staircase leading down here.
Unknown command.
Unknown command.
What level of the Dungeon? (default 1, ? - help)
There is a stone staircase leading up here.
You fly upwards.
There is a stone staircase leading down here.
There is a stone staircase leading up here.
You fly upwards.
There is a stone staircase leading down here.
Casting: Sticky Flame (mildly dangerous; 12% risk of failure)
Confirm with . or Enter, or press ? or * to list all spells.
You don't know that spell.
Unknown command.
Casting: Sticky Flame (mildly dangerous; 12% risk of failure)
Confirm with . or Enter, or press ? or * to list all spells.
Aiming: Passwall (safe; 1% risk of failure)
Press: ? - help, Dir - move target A rock wall.
This square is wreathed by an umbra and is covered in magical glow.
You begin to meditate on the wall.
You continue meditating on the rock. x2
You finish merging with the rock.
Unknown command.
There is a staircase leading out of the dungeon here.
Unknown command.
You have escaped!

#..#########.....##...####.#.
#..#########.....##.#.####.#.
#..........########......#.##
######.#######.# ####.#.#...
.....#.#.....#.# ####>#.##.#
###.##.#.......# #....#.##..
.......#####.###### #.##.#.####
###....^......#...# #.#..#.# #
#....#####..###.@.# #.#..#.# #
#.##.# ##.###...# #.#..#.# #
#.##.# #.......#####.####.# #
#.##.# #...>...#..........# #
#.##.# #.......#.###.#########
#.##.##########...#.#...#........
#.##..........#...#.#.###.#######
#.###########.#...#.#.###.###....
#.##### #.#...#.#......###.##


There were no monsters in sight!

Vanquished Creatures
  the Royal Jelly (Slime:5)
  4 orbs of fire (Zot:5)
  7 dread liches
  3 ancient liches
  Mara (Elf:3)
  Boris (4 times) (Vaults:3 Depths:3 Depths:4 Vaults:5)
  Josephina (Crypt:3)
  Bai Suzhen (Vaults:2)
  4 Killer Klowns
  A curse toe (Zot:1)
  Saint Roka (Orc:2)
  5 golden dragons
  Norris (Elf:2)
  Nikola (Shoals:2)
  2 pearl dragons (Zig:5)
  A bone dragon (Crypt:3)
  A profane servitor (Crypt:3)
  The ghost of Kucw the Warrior, an adept GrFi of Cheibriados (Crypt:2)
  2 electric golems (Zot:5)
  8 tentacled monstrosities
  Zenata (Crypt:1)
  3 doom hounds (Zot:3)
  Mlioglotl (Spider:1)
  2 deep elf blademasters (Elf:3)
  22 Orb Guardians (Zot:5)
  4 liches
  Asterion (Elf:2)
  2 titans (Vaults:5)
  4 quicksilver dragons
  3 deep elf master archers
  Grunn (Zot:3)
  17 acid blobs
  5 ancient champions
  5 sphinxes
  8 death cobs
  A kraken (Shoals:4)
  An Executioner (Abyss:3)
  2 tentacled starspawn (Abyss:3)
  18 storm dragons
  Agnes (D:14)
  4 tengu reavers
  7 shadow dragons
  A revenant (Crypt:3)
  4 draconian monks
  6 azure jellies
  6 rockslimes
  Roxanne (Shoals:4)
  A nargun (Abyss:3)
  2 protean progenitors
  Donald (Crypt:2)
  A draconian scorcher (Depths:4)
  3 draconian knights
  3 draconian shifters
  2 iron dragons
  8 frost giants
  8 ghost moths
  5 fire giants
  16 vault wardens
  8 emperor scorpions
  3 imperial myrmidons
  6 angels
  3 curse skulls
  A juggernaut zombie (Crypt:3)
  9 deep elf sorcerers
  Louise (Shoals:4)
  8 deep elf elementalists (Elf:3)
  A draconian stormcaller (Zot:2)
  A spriggan defender (Depths:3)
  3 ghouls
  4 draconian annihilators
  A reaper (Abyss:3)
  An orc warlord (Orc:2)
  8 very ugly things
  7 ironbound preservers
  7 formless jellyfish
  An ophan (Zig:5)
  5 quicksilver oozes
  15 stone giants
  9 deep elf death magi
  9 black draconians
  6 ironbound thunderhulks
  4 vampire knights
  5 purple draconians
  7 deep elf annihilators
  2 war gargoyles (Vaults:5)
  10 green draconians
  7 yellow draconians
  4 deep elf demonologists (Elf:3)
  11 white draconians
  2 lorocyprocas
  2 halazid warlocks (Desolation)
  5 red draconians
  7 dire elephants
  3 spark wasps
  6 merfolk javelineers
  5 ettins
  10 merfolk impalers
  A quicksilver dragon zombie (Crypt:2)
  3 eidola (Crypt:2)
  23 jiangshi
  A green death (Abyss:3)
  The ghost of Henri the Grappler, a journeyman TrSh of Qazlal (D:11)
  3 crystal guardians
  15 fire dragons
  Snorg (D:10)
  9 ragged hierophants (Desolation)
  7 deep elf high priests
  7 entropy weavers
  30 vault guards
  6 servants of whispers (Desolation)
  Harold (D:10)
  2 caustic shrike simulacra
  8 ice dragons
  17 yaktaur captains
  3 ogre magi
  6 rakshasas
  11 great orbs of eyes
  3 spriggan air magi
  13 peacekeepers
  6 hydras
  2 radroaches
  2 hell beasts
  7 centaur warriors
  2 sphinx zombies
  6 boulder beetles
  8 ironbound frosthearts
  2 catoblepae
  4 death knights
  The ghost of Xelitey Juot the Cleaver, a novice MiFi of Cheibriados (Orc:1)
  38 dancing weapons
  9 merfolk aquamancers
  6 deep troll shamans
  5 merfolk avatars
  9 demonic crawlers
  8 two-headed ogres
  3 death yaks (Shoals:4)
  2 naga warriors (Abyss:3)
  7 tengu warriors
  18 deep troll earth magi
  5 vampire magi
  5 orc high priests
  5 thrashing horrors
  A shock serpent (shapeshifter) (Vaults:5)
  12 deep elf knights
  A titan skeleton (Depths:2)
  3 occultists
  6 spriggan berserkers
  Sonja (Orc:2)
  10 hell knights
  12 iron trolls
  A skyshark (shapeshifter) (Zot:1)
  6 skysharks
  2 pharaoh ants
  10 sea snakes
  20 skeletal warriors
  4 wretched stars
  4 shadow wraiths
  A spatial maelstrom (Abyss:3)
  A bunyip zombie (Crypt:3)
  A fire crab (D:15)
  41 deep trolls
  4 obsidian statues
  4 flayed ghosts
  2 sun moths
  A shadow demon (Abyss:3)
  3 orange crystal statues
  6 glowing orange brains
  8 orb spiders
  5 arcanists
  2 shadow dragon zombies
  14 deep elf archers
  15 ironbound convokers
  10 steelbarb worms
  40 harpies
  Pikel (D:5)
  A bog body (Crypt:1)
  20 deep elf zephyrmancers
  14 lindwurms
  5 orc knights
  An anaconda skeleton (Crypt:1)
  24 deep elf pyromancers
  14 necromancers
  7 orc sorcerers
  6 phantasmal warriors
  29 wolf spiders
  A shining eye (shapeshifter) (Depths:3)
  7 shining eyes
  A tengu skeleton (Depths:2)
  20 ugly things
  3 cyclopes
  17 manticores
  A salamander (shapeshifter) (Elf:1)
  2 stone giant zombies
  2 worldbinders
  3 fauns (Shoals:1)
  5 kobold blastminers (Orc:2)
  A fire giant zombie (Zig:3)
  36 moths of wrath
  3 large abominations
  14 elephants
  2 guardian serpents
  6 merfolk sirens
  A guardian serpent (shapeshifter) (Depths:2)
  3 black mambas
  A water nymph (shapeshifter) (Vaults:5)
  15 vault sentinels
  5 ice statues
  3 eyes of devastation
  4 torpor snails
  2 frost giant skeletons
  5 meliai
  A titan simulacrum (Depths:2)
  A fire giant skeleton (Crypt:1)
  A dire elephant zombie (Abyss:3)
  4 water nymphs (Shoals:4)
  2 centaur zombies (D:15)
  An alligator snapping turtle zombie (Crypt:2)
  6 cane toads
  2 molten gargoyles (Desolation)
  4 smoke demons
  Maggie (D:10)
  A cane toad (shapeshifter) (D:12)
  A rime drake (shapeshifter) (Lair:5)
  An efreet (D:14)
  2 unseen horrors
  2 rime drakes (Orc:1)
  2 komodo dragons (shapeshifter)
  6 freezing wraiths
  2 spriggan zombies
  36 yaktaurs
  5 tengu conjurers
  3 kobold demonologists (D:12)
  10 komodo dragons
  An unseen horror skeleton (Crypt:2)
  2 spriggan skeletons
  An iron giant simulacrum (Crypt:3)
  An ancient zyme (Abyss:3)
  7 trolls
  A queen bee (shapeshifter) (Lair:5)
  5 hornets
  2 harpy zombies
  43 merfolk
  5 snapping turtles
  A polar bear (Lair:3)
  3 raiju (Lair:5)
  7 wind drakes
  3 glass eyes
  A hornet (shapeshifter) (Elf:1)
  71 saltlings
  A hydra skeleton (Crypt:2)
  An ettin zombie (Vaults:1)
  31 blink frogs
  A snapping turtle (shapeshifter) (Vaults:5)
  A dream sheep (shapeshifter) (Vaults:5)
  28 tarantellas
  A raiju (shapeshifter) (Elf:1)
  69 slime creatures
  2 centaur simulacra
  2 jumping spiders (shapeshifter)
  Sigmund (D:6)
  32 jumping spiders
  6 wyverns
  A dire elephant simulacrum (IceCv)
  7 shadows
  4 air elementals
  A culicivora (shapeshifter) (Elf:2)
  4 spriggans
  A naga simulacrum (Crypt:3)
  A vampire (D:11)
  3 fire bats (Depths:3)
  5 ynoxinuls
  4 fire elementals
  30 culicivoras
  29 water elementals
  7 wraiths
  A hog (shapeshifter) (Elf:1)
  A black mamba skeleton (Crypt:1)
  70 redbacks
  26 yaks
  5 wargs (Orc:2)
  14 golden eyes
  A steam dragon (D:6)
  2 death yak simulacra (IceCv)
  5 basilisks
  2 naga zombies
  A deep troll zombie (Crypt:2)
  3 harpy simulacra
  A spatial vortex (Abyss:3)
  3 chaos spawn
  3 nagas (Abyss:3)
  3 acid dragons (D:11)
  A swamp worm (shapeshifter) (Vaults:5)
  A deep troll skeleton (Crypt:2)
  16 water moccasins
  A meliai simulacrum (D:14)
  2 ice beasts
  A merfolk skeleton (Crypt:2)
  2 sky beasts
  48 orc warriors
  5 black bears
  7 boggarts
  41 laughing skulls
  26 wolves
  21 ogres
  12 centaurs
  16 small abominations
  2 human skeletons
  A spectral cyclops (Orc:1)
  3 weeping skulls
  Blork the orc (D:6)
  A hog skeleton (Crypt:2)
  8 kobold brigands
  2 gnoll sergeants
  15 bullfrogs
  5 scorpions
  A cyclops zombie (Crypt:1)
  3 earth elementals
  4 necrophages (Crypt:3)
  A cane toad simulacrum (IceCv)
  4 burial acolytes (Crypt:3)
  6 starcursed masses (Abyss:3)
  A spectral ogre (Orc:1)
  3 killer bees (D:5)
  6 electric eels
  3 howler monkeys
  5 hounds
  2 jellies
  32 orc priests
  2 sleepcaps
  3 gnoll boudas
  An iron imp (Abyss:3)
  6 iguanas
  21 orc wizards
  4 spectral orcs (Orc:1)
  A polar bear simulacrum (IceCv)
  An ice beast zombie (Crypt:2)
  8 adders
  23 gnolls
  2 shadow imps (D:6)
  A white imp (D:6)
  2 ufetubi (Abyss:3)
  2 orc simulacra (Orc:1)
  A ribbon worm (D:4)
  A dart slug (D:1)
  135 orcs
  A bat zombie (Crypt:2)
  7 endoplasms
  5 giant cockroaches
  7 goblins
  8 hobgoblins
  3 jackals (D:2)
  3 quokkas
  4 ball pythons
  2 bats (D:1)
  2 frilled lizards
  22 kobolds
  6 rats
  A river rat skeleton (Crypt:2)
  An aspiring flesh (Zot:4)
  A butterfly (Zot:1)
  2 starspawn tentacles (Abyss:3)
  7 tentacles
2572 creatures vanquished.

Vanquished Creatures (collateral kills)
  A merfolk aquamancer (Shoals:4)
  A thrashing horror (Lair:5)
  3 harpies
  A meliai (D:12)
  A merfolk (Shoals:4)
  A saltling (Desolation)
  An orc warrior (Orc:2)
  An orc (Orc:1)
10 creatures vanquished.

Vanquished Creatures (others)
  Ilsuiw (Shoals:2)
  A very ugly thing (Depths:3)
  A merfolk javelineer (Shoals:2)
  A centaur warrior (Vaults:2)
  2 deep elf knights
  A hell knight (Depths:1)
  A necromancer (Depths:3)
  2 deep elf zephyrmancers (Elf:2)
  A merfolk siren (Shoals:2)
  A merfolk (Shoals:2)
  A saltling (Desolation)
  2 water elementals
  A redback (Spider:1)
  An orc warrior (Elf:2)
  A boggart (Vaults:2)
  An orc wizard (Orc:2)
  2 orcs
  4 starspawn tentacles (Abyss:3)
  20 tentacles
45 creatures vanquished.

Grand Total: 2627 creatures vanquished

Notes
Turn   | Place    | Note
-------+----------+-------------------------------------------
     0 | D:1      | Amplified the Minotaur Alchemist began the quest for the
                  | Orb.
     0 | D:1      | Reached XP level 1. HP: 14/14 MP: 1/1
    40 | D:1      | Reached skill level 1 in Fighting
   117 | D:1      | Reached XP level 2. HP: 22/24 MP: 3/3
   691 | D:1      | Reached skill level 1 in Maces & Flails
   691 | D:1      | Reached skill level 1 in Armour
   923 | D:1      | Reached XP level 3. HP: 27/30 MP: 4/4
  1108 | D:2      | Found the +7 Throatcutter {drain, coup de grace}
  1745 | D:3      | Reached skill level 1 in Long Blades
  1745 | D:3      | Reached skill level 1 in Throwing
  1806 | D:3      | Reached XP level 4. HP: 38/38 MP: 5/5
  2010 | D:3      | Found a bloodstained altar of Trog.
  2417 | D:3      | Found a faded altar of an unknown god.
  2541 | D:4      | Noticed a water elemental
  2542 | D:4      | Found a stormy altar of Qazlal.
  2550 | D:4      | Reached XP level 5. HP: 32/46 MP: 6/6
  3038 | D:4      | Reached XP level 6. HP: 48/53 MP: 7/7
  3427 | D:4      | Noticed a fire elemental
  3428 | D:4      | Noticed an air elemental
  3706 | D:5      | Entered Level 5 of the Dungeon
  3745 | D:5      | Reached skill level 5 in Fighting
  3807 | D:5      | Noticed Pikel
  3815 | D:5      | Killed Pikel
  3816 | D:5      | Reached skill level 5 in Long Blades
  3816 | D:5      | Reached skill level 5 in Dodging
  3816 | D:5      | Reached XP level 7. HP: 56/62 MP: 8/8
  3906 | D:5      | Reached XP level 8. HP: 70/70 MP: 9/9
  4884 | D:5      | Learned a level 2 spell: Lesser Beckoning
  5203 | D:6      | Noticed Blork the orc
  5206 | D:6      | Killed Blork the orc
  5390 | D:6      | Reached XP level 9. HP: 43/79 MP: 10/10
  5674 | D:6      | Found a hide-covered altar of Uskayaw.
  5698 | D:6      | Reached skill level 5 in Stealth
  5905 | D:6      | Noticed Sigmund
  5911 | D:6      | Killed Sigmund
  5912 | D:6      | Reached skill level 1 in Shields
  6103 | D:6      | Found a white marble altar of Elyvilon.
  6259 | D:7      | Found Suelamno's Magic Scroll Boutique.
  6259 | D:7      | Found Upiet's Armour Shoppe.
  6273 | D:7      | Found a staircase to the Ecumenical Temple.
  6277 | D:7      | Found Seosyj's Armour Emporium.
  6311 | Temple   | Entered the Ecumenical Temple
  6322 | Temple   | Became a worshipper of Dithmenos the Shadowed
  6342 | D:7      | Found Ynes's Distillery.
  6397 | D:7      | Found a glowing silver altar of Zin.
  6398 | D:7      | Found a basalt altar of Yredelemnul.
  6807 | D:7      | Found Xeulet's Jewellery Shop.
  6829 | D:7      | Reached * piety under Dithmenos
  6843 | D:7      | Found Soefupnof's Superlative Supplies.
  7174 | D:8      | Reached skill level 1 in Invocations
  7182 | D:8      | Found a blossoming altar of Fedhas.
  7433 | D:8      | Identified the ring of Felaupli {*Slow rPois rC+ rN+++
                  | Slay+2}
  7520 | D:8      | Found a shimmering blue altar of Sif Muna.
  8028 | D:9      | Reached XP level 10. HP: 89/90 MP: 11/11
  8180 | D:9      | Found a staircase to the Lair.
  8194 | D:9      | Reached ** piety under Dithmenos
  8401 | D:9      | Noticed a two-headed ogre
  8406 | D:9      | Killed a two-headed ogre
  8943 | D:10     | Entered Level 10 of the Dungeon
  8974 | D:10     | Noticed Maggie
  8985 | D:10     | Noticed a cyclops
  8996 | D:9      | Reached skill level 5 in Shields
  9075 | D:10     | Noticed Harold
  9099 | D:10     | Found a hazy altar of Hepliaklqana.
  9144 | D:10     | Identified the +3 dagger "Womuunir" {flame, rPois Str+5
                  | Dex+3}
  9226 | D:10     | Killed a cyclops
  9262 | D:10     | Noticed Snorg
  9296 | D:10     | Killed Snorg
  9438 | D:10     | Reached XP level 11. HP: 76/99 MP: 12/12
  9551 | D:10     | Killed Maggie
  9639 | D:10     | Reached *** piety under Dithmenos
  9902 | D:10     | Reached skill level 10 in Fighting
 10391 | D:11     | Noticed a two-headed ogre
 10638 | D:11     | Noticed a boulder beetle
 10643 | D:11     | Killed a boulder beetle
 10685 | D:11     | Noticed Henri's ghost (journeyman TrSh)
 10693 | D:11     | Found a runed translucent door.
 10745 | D:11     | Noticed a two-headed ogre
 10752 | D:11     | Killed a two-headed ogre
 10753 | D:11     | Reached skill level 10 in Long Blades
 10979 | D:11     | Reached skill level 5 in Invocations
 11080 | D:11     | Killed a two-headed ogre
 11232 | D:11     | Found the +2 ratskin cloak {*Rats rPois rN+ Str-1 Int-1
                  | Dex+1}
 11336 | D:11     | Found a staircase to the Orcish Mines.
 11559 | D:10     | Killed Harold
 11639 | D:7      | Bought the +5 moon troll leather armour {Spirit, Regen++
                  | MP+5} for 595 gold pieces
 11639 | D:7      | Found the +5 moon troll leather armour {Spirit, Regen++
                  | MP+5}
 11815 | Orc:1    | Entered Level 1 of the Orcish Mines
 11984 | Orc:1    | Found a frozen archway.
 12068 | IceCv    | Entered an ice cave
 12068 | IceCv    | Noticed a white ugly thing
 12073 | IceCv    | Found a transporter.
 12085 | IceCv    | Reached XP level 12. HP: 83/110 MP: 13/15
 12087 | IceCv    | Found a transporter.
 12105 | IceCv    | Reached skill level 10 in Dodging
 12119 | IceCv    | Identified the +1 short sword of Intuition {flame, rElec
                  | rPois}
 12171 | IceCv    | Reached **** piety under Dithmenos
 12177 | IceCv    | Identified the amulet of Evuluss {Acrobat +Blink}
 12290 | Orc:1    | Found a runed translucent gate.
 12290 | Orc:1    | Found a runed translucent gate.
 12290 | Orc:1    | Found a runed translucent gate.
 12296 | Orc:1    | Noticed Xelitey Juot's ghost (novice MiFi)
 12663 | Orc:2    | Entered Level 2 of the Orcish Mines
 12923 | D:12     | Noticed a two-headed ogre
 12928 | D:12     | Killed a two-headed ogre
 12943 | D:12     | Noticed a boulder beetle
 12952 | D:12     | Killed a boulder beetle
 13033 | Lair:1   | Entered Level 1 of the Lair of Beasts
 13153 | Lair:1   | Reached ***** piety under Dithmenos
 13891 | Lair:2   | Reached XP level 13. HP: 118/118 MP: 17/17
 14103 | Lair:2   | Reached skill level 1 in Evocations
 14273 | Lair:2   | Found a hole to the Spider Nest.
 14849 | Lair:3   | Found a staircase to the Shoals.
 15720 | Lair:5   | Entered Level 5 of the Lair of Beasts
 15815 | Lair:5   | Reached skill level 10 in Shields
 16053 | Lair:5   | Reached ****** piety under Dithmenos
 16119 | Lair:5   | Reached XP level 14. HP: 127/129 MP: 19/19
 16143 | Lair:5   | Identified the ring "Buidar" {+Blink Will+ SInv}
 16228 | Lair:5   | Found a corrupted altar of Lugonu.
 16228 | Lair:5   | Found a one-way gate to the infinite horrors of the Abyss.
 16254 | Lair:5   | Got an earthy gem with 614 turns to spare
 16636 | Lair:4   | Found a viscous altar of Jiyva.
 16637 | Lair:4   | Found a staircase to the Slime Pits.
 17387 | Orc:2    | Reached skill level 10 in Stealth
 17670 | Orc:2    | Paralysed by an orc sorcerer for 5 turns
 17779 | Orc:2    | Found a staircase to the Elven Halls.
 17934 | Orc:2    | Found Yngemes's Armour Shop.
 18068 | Orc:2    | Noticed Saint Roka
 18131 | Orc:2    | Killed Saint Roka
 18331 | Orc:2    | Found Raloape's General Store.
 18354 | Orc:2    | Bought a potion of mutation for 120 gold pieces
 18479 | Orc:2    | Reached skill level 5 in Evocations
 18498 | Orc:2    | Noticed Sonja
 18504 | Orc:2    | Killed Sonja
 18506 | Orc:2    | Found Hastrypys's General Store.
 18520 | Orc:2    | Bought a scroll of enchant armour for 112 gold pieces
 18533 | Orc:2    | Found Gaic's Weapon Emporium.
 18596 | Orc:2    | Noticed an orc warlord
 18601 | Orc:2    | Killed an orc warlord
 19021 | D:11     | Killed Henri's ghost
 19142 | D:12     | Reached XP level 15. HP: 70/138 MP: 12/21
 20434 | D:13     | Identified the +6 war axe of the Firefly {flame, Str+6
                  | Stlth-}
 20798 | D:14     | Noticed Agnes
 20804 | D:14     | Found a gate to the Vaults.
 20814 | D:14     | Killed Agnes
 21104 | D:14     | Found Tanie's Distillery.
 21111 | D:14     | Found a basalt altar of Yredelemnul.
 21135 | D:14     | Bought a potion of curing for 57 gold pieces
 21135 | D:14     | Bought 2 potions of curing for 114 gold pieces
 21135 | D:14     | Bought a potion of curing for 57 gold pieces
 21135 | D:14     | Bought 2 potions of curing for 114 gold pieces
 21194 | D:15     | Entered Level 15 of the Dungeon
 21201 | D:14     | Upgraded the game from 0.31.0-1-g2c135a008e to
                  | 0.31.0-4-g52a2dc7128
 21485 | D:15     | Reached skill level 10 in Invocations
 21676 | D:15     | Found a staircase to the Depths.
 22385 | D:7      | Bought a scarf of resistance for 320 gold pieces
 22388 | D:7      | Bought a scroll of enchant armour for 97 gold pieces
 22388 | D:7      | Bought a scroll of teleportation for 39 gold pieces
 22388 | D:7      | Bought a scroll of teleportation for 39 gold pieces
 22546 | Spider:1 | Entered Level 1 of the Spider Nest
 22720 | Spider:1 | Reached skill level 15 in Fighting
 23043 | Spider:1 | Noticed Mlioglotl
 23185 | Spider:1 | Noticed a revenant
 23190 | Spider:1 | Killed Mlioglotl
 23733 | Spider:2 | Reached XP level 16. HP: 149/149 MP: 22/22
 24769 | Spider:2 | Identified the +2 great sword of Kerisas {spect, *Noise
                  | Dex+3}
 24885 | Spider:3 | Reached skill level 15 in Shields
 25538 | Spider:4 | Entered Level 4 of the Spider Nest
 26166 | Spider:4 | Reached XP level 17. HP: 158/162 MP: 17/23
 26595 | Spider:4 | Got a gossamer rune of Zot
 27093 | Shoals:1 | Entered Level 1 of the Shoals
 27549 | Shoals:1 | Reached skill level 1 in Translocations
 27646 | Shoals:1 | Noticed a kraken
 27686 | Shoals:2 | Noticed Nikola
 28118 | Shoals:2 | Noticed a kraken
 29073 | Shoals:4 | Entered Level 4 of the Shoals
 29073 | Shoals:4 | Found Aleyxt's Assorted Antiques.
 29083 | Shoals:4 | Noticed Roxanne
 29138 | Shoals:3 | Reached XP level 18. HP: 170/170 MP: 19/24
 29154 | Shoals:4 | Noticed Louise
 29203 | Shoals:2 | Noticed Ilsuiw
 29475 | Shoals:4 | Reached skill level 5 in Translocations
 29499 | Shoals:4 | Reached skill level 5 in Spellcasting
 29523 | Shoals:4 | Identified the +5 dire flail of War {flame, rCorr Stlth+}
 29750 | Shoals:4 | Identified the ring "Ilale" {rPois Str-4 Dex+6 Slay+2}
 29832 | Abyss:2  | Cast into level 2 of the Abyss (Louise)
 29864 | Shoals:4 | Escaped the Abyss
 29877 | Shoals:4 | Killed Louise
 30006 | Shoals:4 | Found the +6 Majin-Bo {spellvamp, MP+6 Int+6}
 30284 | Shoals:4 | Got a barnacled rune of Zot
 30346 | Shoals:4 | Identified the +11 flail of the Five Ghosts {freeze, MP+9}
 30481 | Shoals:4 | Killed Roxanne
 30496 | Shoals:4 | Bought a wand of paralysis (6) for 547 gold pieces
 30577 | Shoals:2 | Killed Ilsuiw
 30834 | Shoals:2 | Killed Nikola
 31124 | Vaults:1 | Entered Level 1 of the Vaults
 32172 | Vaults:1 | Reached XP level 19. HP: 179/179 MP: 27/27
 32429 | Vaults:2 | Found Sayd's Assorted Antiques.
 32519 | Vaults:2 | Reached skill level 5 in Armour
 32813 | Vaults:2 | Noticed Bai Suzhen
 32868 | Vaults:2 | Killed Bai Suzhen
 33183 | Vaults:3 | Noticed Boris
 33207 | Vaults:3 | Killed Boris
 34226 | Vaults:4 | Identified the +6 spear of the Flying Rat {drain, Fly
                  | rElec}
 34414 | Vaults:4 | Found a crumbling gateway.
 34442 | Vaults:4 | Reached skill level 15 in Dodging
 34447 | Desolati | Entered the Desolation of Salt
 34536 | Desolati | Identified the ring of Opuom {Ice Fly Str+2 Int+2 Slay+3}
 34539 | Desolati | Got the Handbook of Glacial Ouranomancy
 34544 | Desolati | Got Roxanne's Enchiridion on the Quake and Virulence
 34546 | Desolati | Identified the staff of Cruel Justice {^Contam rC++ SInv
                  | Conj Earth}
 34547 | Desolati | Identified the staff of Destiny {rPois rC+ Dex-4 Necro Air
                  | Alchemy}
 34937 | Desolati | Got Qysuel's Precepts of Invitation
 35032 | Desolati | Reached XP level 20. HP: 116/191 MP: 16/28
 35374 | Desolati | Identified the +2 helmet of the Constellations {Rampage
                  | rPois Str+4}
 35387 | Desolati | Got the Quarto of the Wendigo and Charms
 35388 | Desolati | Identified the +1 scale mail of Raput {rPois Str+5 Stlth+}
 36238 | Vaults:4 | Reached skill level 10 in Armour
 37125 | Elf:1    | Entered Level 1 of the Elven Halls
 37125 | Elf:1    | Found a runed translucent gate.
 37125 | Elf:1    | Found a runed translucent gate.
 37125 | Elf:1    | Found a runed translucent gate.
 37125 | Elf:1    | Found a runed translucent gate.
 37125 | Elf:1    | Found a runed translucent gate.
 37125 | Elf:1    | Found a runed translucent gate.
 37126 | Elf:1    | Found a runed translucent door.
 37138 | Elf:1    | Identified the ring of Pidigaer {^Drain rElec rN+ rCorr
                  | Str+3 Slay+3}
 37155 | Elf:1    | Found a runed translucent door.
 37680 | Elf:1    | Paralysed by an air elemental for 1 turns
 37932 | Elf:3    | Entered Level 3 of the Elven Halls
 38028 | Elf:3    | Noticed Mara
 38471 | Elf:3    | Noticed Amplified's illusion
 38629 | Elf:3    | Noticed Amplified's illusion
 38650 | Elf:3    | Killed Mara
 39253 | Elf:3    | Identified a ring "Leovys" {rElec Str+5 Int+6 Dex-2}
 39303 | Elf:3    | Identified the ring "Ukhlow" {rC+ Will- Dex+4}
 39438 | Elf:3    | Identified the staff "Foheits" {Str-5 Dex+3 Necro Earth}
 39448 | Elf:3    | Reached XP level 21. HP: 182/202 MP: 27/29
 39516 | Elf:3    | Identified the +4 scale mail of the Maze {Harm rPois Int+2
                  | Dex+2}
 39517 | Elf:3    | Identified the +4 swamp dragon scales of Lamifim {rPois
                  | Int+5}
 39519 | Elf:3    | Identified the amulet "Wauxe" {RegenMP rPois Will+}
 39541 | Elf:3    | Identified the +3 morningstar of the End {drain, Dex+3}
 39612 | Elf:3    | Reached skill level 1 in Summonings
 39938 | Elf:2    | Found a runed translucent gate.
 39938 | Elf:2    | Found a runed translucent gate.
 39939 | Elf:2    | Found a runed translucent gate.
 40253 | Elf:2    | Noticed Asterion
 40284 | Elf:2    | Killed Asterion
 40516 | Elf:2    | Noticed Norris
 40518 | Elf:2    | Reached skill level 1 in Fire Magic
 40538 | Elf:2    | Killed Norris
 40551 | Elf:2    | Reached skill level 5 in Summonings
 41532 | Orc:1    | Killed Xelitey Juot's ghost
 41778 | D:7      | Bought a potion of curing for 48 gold pieces
 41778 | D:7      | Bought a potion of curing for 48 gold pieces
 41778 | D:7      | Bought a potion of heal wounds for 80 gold pieces
 41778 | D:7      | Bought a potion of mutation for 128 gold pieces
 41778 | D:7      | Bought a potion of mutation for 128 gold pieces
 41867 | D:7      | Bought a manual of Shields for 1120 gold pieces
 42641 | Vaults:2 | Found a staircase to the Crypt.
 42655 | Vaults:2 | Learned a level 4 spell: Manifold Assault
 42823 | Crypt:1  | Entered Level 1 of the Crypt
 43210 | Crypt:1  | Noticed Zenata
 43258 | Crypt:1  | Killed Zenata
 43315 | Crypt:3  | Entered Level 3 of the Crypt
 43446 | Crypt:3  | Found an ancient bone altar of Kikubaaqudgha.
 43585 | Crypt:3  | Reached skill level 5 in Fire Magic
 43707 | Crypt:3  | Noticed a profane servitor
 43729 | Crypt:3  | Killed a profane servitor
 43861 | Crypt:3  | Identified the +4 glaive "Imetwil" {protect, rPois rN+++
                  | Will++ Dex-2}
 43862 | Crypt:3  | Identified the staff "Spider's Undoing" {rN+ Int+2 Necro}
 43914 | Crypt:3  | Identified the ring of Caf Rem {Ice rElec Dex+5}
 43914 | Crypt:3  | Noticed Josephina
 43938 | Crypt:3  | Killed Josephina
 44022 | Crypt:3  | Reached XP level 22. HP: 186/213 MP: 29/30
 44046 | Crypt:3  | Found a staircase to the Tomb.
 44093 | Crypt:3  | Got an ivory gem with 649 turns to spare
 44103 | Crypt:3  | Identified the amulet "Yddumu" {Regen+ rCorr}
 44103 | Crypt:3  | Identified the ring "Ifurgh" {rPois rC+ rN+}
 44103 | Crypt:3  | Identified the ring of Gafemuukke {rN+ rCorr}
 44282 | Crypt:3  | Identified the ring "Otong" {+Blink EV+5 Slay+3 Stlth+}
 44283 | Crypt:3  | Identified the +0 leather armour of Moetiuw {rN+}
 44669 | Crypt:2  | Noticed Donald
 44709 | Crypt:2  | Killed Donald
 45019 | Crypt:2  | Found a runed translucent gate.
 45019 | Crypt:2  | Found a runed translucent gate.
 45019 | Crypt:2  | Found a runed translucent gate.
 45020 | Crypt:2  | Found an opulent altar of Gozag.
 45020 | Crypt:2  | Found Dunuv's Assorted Antiques.
 45020 | Crypt:2  | Noticed Kucw's ghost (adept GrFi)
 45021 | Crypt:2  | Found Beerag's Assorted Antiques.
 45167 | Crypt:2  | Killed Kucw's ghost
 45337 | Crypt:2  | Bought a potion of heal wounds for 90 gold pieces
 45353 | Crypt:2  | Bought a faintly humming plate armour for 644 gold pieces
 45353 | Crypt:2  | Identified the +1 plate armour of Decompression {rF+} (You
                  | bought it in a shop on level 2 of the Crypt)
 45353 | Crypt:2  | Bought a scroll of revelation for 172 gold pieces
 45625 | Depths:1 | Entered Level 1 of the Depths
 45625 | Depths:1 | Found a gateway to Hell.
 45709 | Depths:3 | Found a one-way gateway to a ziggurat.
 45815 | Depths:2 | Found a one-way gate leading to the halls of Pandemonium.
 46006 | Depths:3 | Identified the +2 war axe "X" {venom, Int+4 SInv}
 46006 | Depths:3 | Noticed Boris
 46026 | Depths:3 | Killed Boris
 46039 | Depths:4 | Entered Level 4 of the Depths
 46363 | Depths:4 | Noticed Boris
 46390 | Depths:4 | Killed Boris
 46402 | Depths:4 | Noticed a golden dragon
 46439 | Depths:4 | Reached skill level 10 in Fire Magic
 46477 | Depths:4 | Killed a golden dragon
 46492 | Depths:4 | Noticed a golden dragon
 46509 | Depths:4 | Killed a golden dragon
 46510 | Depths:4 | Reached XP level 23. HP: 151/220 MP: 25/31
 46568 | Depths:4 | Found a gate to the Realm of Zot.
 46687 | Depths:4 | Got a midnight gem with 2086 turns to spare
 47843 | Vaults:5 | Entered Level 5 of the Vaults
 47873 | Vaults:5 | Reached skill level 27 in Shields
 47936 | Vaults:5 | Learned a level 4 spell: Sticky Flame
 48188 | Vaults:5 | Noticed a dread lich
 48209 | Vaults:5 | Paralysed by a dread lich for 4 turns
 48219 | Vaults:5 | Paralysed by a dread lich for 4 turns
 48231 | Vaults:5 | Killed a dread lich
 48297 | Vaults:5 | Identified the +4 chain mail "Odiac" {Harm rC+ Dex+2}
 48416 | Abyss:3  | Cast into level 3 of the Abyss (a deep elf sorcerer)
 48421 | Abyss:3  | Found a corrupted altar of Lugonu.
 48448 | Abyss:3  | Learned a level 4 spell: Summon Blazeheart Golem
 48464 | Abyss:3  | Found a corrupted altar of Lugonu.
 48701 | Abyss:3  | Got an abyssal rune of Zot
 48710 | Abyss:3  | Paralysed by accursed screaming for 1 turns
 48728 | Vaults:5 | Escaped the Abyss
 48777 | Vaults:5 | Noticed a dread lich
 48871 | Vaults:5 | Killed a dread lich
 49121 | Vaults:5 | Paralysed by a vault sentinel for 3 turns
 49139 | Vaults:5 | Noticed a dread lich
 49144 | Vaults:5 | Noticed a dread lich
 49148 | Vaults:5 | Noticed Boris
 49426 | Vaults:5 | Killed Boris
 49456 | Vaults:5 | Identified the +9 dire flail of Revolt {holy, rF+ rCorr
                  | Str-4 Dex+3}
 49511 | Vaults:5 | Reached XP level 24. HP: 235/235 MP: 1/34
 49636 | Vaults:5 | Killed a dread lich
 49864 | Vaults:5 | Noticed an ancient lich
 49884 | Vaults:5 | Killed an ancient lich
 50120 | Vaults:5 | Paralysed by a sphinx for 4 turns
 50193 | Vaults:5 | Got a silver rune of Zot
 50305 | Vaults:5 | Reached skill level 1 in Ranged Weapons
 50344 | Vaults:5 | Reached skill level 1 in Earth Magic
 50387 | Vaults:5 | Found Cenohoiz's Distillery.
 50392 | Vaults:5 | Bought a potion of curing for 57 gold pieces
 50392 | Vaults:5 | Bought a potion of heal wounds for 95 gold pieces
 50392 | Vaults:5 | Bought a potion of curing for 57 gold pieces
 50392 | Vaults:5 | Bought a potion of curing for 57 gold pieces
 50392 | Vaults:5 | Bought a potion of curing for 57 gold pieces
 50392 | Vaults:5 | Bought a potion of curing for 57 gold pieces
 50392 | Vaults:5 | Bought 2 potions of heal wounds for 190 gold pieces
 50392 | Vaults:5 | Bought a potion of enlightenment for 95 gold pieces
 50441 | Vaults:5 | Found Kemuw's Distillery.
 50445 | Vaults:5 | Bought a potion of curing for 42 gold pieces
 50445 | Vaults:5 | Bought a potion of curing for 42 gold pieces
 50445 | Vaults:5 | Bought a potion of curing for 42 gold pieces
 50445 | Vaults:5 | Bought a potion of haste for 140 gold pieces
 50445 | Vaults:5 | Bought a potion of might for 56 gold pieces
 50445 | Vaults:5 | Bought a potion of curing for 42 gold pieces
 50445 | Vaults:5 | Bought a potion of cancellation for 112 gold pieces
 50500 | Vaults:5 | Paralysed by a dread lich for 3 turns
 50510 | Vaults:5 | Killed a dread lich
 51395 | Depths:1 | Found a broken altar of Ashenzari.
 51427 | Depths:1 | Reached skill level 5 in Earth Magic
 53171 | Depths:3 | Paralysed by a sphinx for 5 turns
 53642 | Depths:3 | Found a hazy altar of Hepliaklqana.
 54271 | Zig:1    | Entered Level 1 of a ziggurat
 54574 | Zig:2    | Entered Level 2 of a ziggurat
 54618 | Zig:3    | Entered Level 3 of a ziggurat
 54652 | Zig:3    | Identified the staff "Ginki" {rElec Earth}
 54655 | Zig:4    | Entered Level 4 of a ziggurat
 54676 | Abyss:3  | Cast into level 3 of the Abyss (a deep elf sorcerer)
 54792 | Abyss:3  | Reached skill level 10 in Earth Magic
 54801 | Abyss:3  | Found a corrupted altar of Lugonu.
 54861 | Zig:4    | Escaped the Abyss
 55116 | Zig:5    | Entered Level 5 of a ziggurat
 55318 | Zig:5    | Identified the +8 falchion "Vasibev" {vamp, rN+ Str+2}
 55321 | Zig:5    | Identified the +4 plate armour of Qiclaehe {Rampage rElec
                  | Str+3}
 55325 | Zig:5    | Identified the +11 plate armour of Jiucwin {rF+ Will-
                  | Slay+2}
 55538 | Zot:1    | Entered Level 1 of the Realm of Zot
 55729 | Zot:1    | Found a shimmering altar of Xom.
 55729 | Zot:1    | Found a shimmering altar of Xom.
 55729 | Zot:1    | Found a shimmering altar of Xom.
 55729 | Zot:1    | Noticed a Killer Klown
 55753 | Zot:1    | Killed a Killer Klown
 55988 | Zot:1    | Reached XP level 25. HP: 248/250 MP: 28/35
 56077 | Zot:1    | Found a glowing silver altar of Zin.
 56086 | Zot:1    | Found a shimmering altar of Xom.
 56086 | Zot:1    | Found a shimmering altar of Xom.
 56130 | Abyss:4  | Cast into level 4 of the Abyss (black draconian knight)
 56269 | Zot:1    | Escaped the Abyss
 56549 | Zot:1    | Noticed a Killer Klown
 56562 | Zot:1    | Killed a Killer Klown
 56679 | Zot:1    | Learned a level 3 spell: Passwall
 56818 | Zot:1    | Reached skill level 15 in Long Blades
 57154 | Zot:1    | Found a shimmering altar of Xom.
 57154 | Zot:1    | Found a shimmering altar of Xom.
 58787 | Zot:3    | Found Ytirapp's Changing Room.
 58788 | Zot:3    | Noticed Grunn
 58807 | Zot:3    | Killed Grunn
 60913 | Zot:4    | Identified the +10 plate armour of Sypureot {+Blink rElec
                  | Str-2 Dex+6}
 61446 | Zot:5    | Entered Level 5 of the Realm of Zot
 62115 | Slime:1  | Entered Level 1 of the Pits of Slime
 62128 | Slime:1  | Reached skill level 27 in Fighting
 62187 | Slime:1  | Learned a level 5 spell: Lee's Rapid Deconstruction
 62202 | Slime:2  | Gained mutation: You are dopey. (Int -2) [a shining eye]
 62203 | Slime:2  | Gained mutation: You are vulnerable to cold. (rC-) [a
                  | shining eye]
 62205 | Slime:2  | Gained mutation: You are frail. (-10% HP) [a shining eye]
 62545 | Slime:4  | Reached XP level 26. HP: 212/239 MP: 14/35
 62604 | Slime:5  | Entered Level 5 of the Pits of Slime
 62911 | Slime:5  | Gained mutation: Your spells are a little easier to cast,
                  | but a little less powerful. [a shining eye]
 62913 | Slime:5  | Gained mutation: You sometimes lose your temper in combat.
                  | [a shining eye]
 63281 | Slime:5  | Noticed the Royal Jelly
 63285 | Slime:5  | Lost mutation: You are frail. (-10% HP) [potion of
                  | mutation]
 63285 | Slime:5  | Lost mutation: You are dopey. (Int -2) [potion of mutation]
 63285 | Slime:5  | Lost mutation: You sometimes lose your temper in combat.
                  | [potion of mutation]
 63285 | Slime:5  | Gained mutation: You occasionally lose the ability to drink
                  | potions when taking damage. [potion of mutation]
 63285 | Slime:5  | Gained mutation: You are partially covered in iridescent
                  | scales. (AC +2) [potion of mutation]
 63301 | Slime:5  | Killed the Royal Jelly
 63557 | Slime:5  | Identified the +7 sling "Gaphinko" {drain, rPois rCorr
                  | Str+2}
 63578 | Slime:5  | Identified the +11 shortbow "Goblinslayer" {freeze, rF+ rC+
                  | Int-3 Dex+4}
 63733 | Slime:5  | Got a slimy rune of Zot
 63744 | Slime:5  | Got the Cyclopedia of the Catamount
 63746 | Slime:5  | Identified the +3 leather armour of Pragmatism {Int+2}
 64084 | Slime:5  | Identified the ring "Ciofih" {Ice rPois Str+9}
 64105 | Slime:5  | Identified the +3 longbow of Dahips {flame, rN+ Str-2
                  | Dex+4}
 64480 | Slime:5  | Lost mutation: Your spells are a little easier to cast, but
                  | a little less powerful. [potion of mutation]
 64480 | Slime:5  | Lost mutation: You are vulnerable to cold. (rC-) [potion of
                  | mutation]
 64480 | Slime:5  | Gained mutation: Your mind is acute. (Int +4, Str/Dex -1)
                  | [potion of mutation]
 64481 | Slime:5  | Lost mutation: You occasionally lose the ability to drink
                  | potions when taking damage. [potion of mutation]
 64481 | Slime:5  | Lost mutation: Your mind is acute. (Int +4, Str/Dex -1)
                  | [potion of mutation]
 64481 | Slime:5  | Gained mutation: You are clumsy. (Dex -2) [potion of
                  | mutation]
 64481 | Slime:5  | Gained mutation: You have a pair of large horns on your
                  | head. [potion of mutation]
 64481 | Slime:5  | Gained mutation: Your flesh is heat resistant. (rF+)
                  | [potion of mutation]
 65113 | Zot:5    | Noticed a dread lich
 65140 | Zot:5    | Killed a dread lich
 65351 | Zot:5    | Noticed a dread lich
 65351 | Zot:5    | Noticed an orb of fire
 65364 | Zot:5    | Noticed an orb of fire
 65377 | Zot:5    | Killed a dread lich
 65393 | Zot:5    | Gained mutation: Your health recovers twice as slowly from
                  | being drained. [an orb of fire]
 65400 | Zot:5    | Killed an orb of fire
 65424 | Zot:5    | Killed an orb of fire
 66095 | Zot:5    | Noticed an orb of fire
 66098 | Zot:5    | Gained mutation: Your body sometimes deteriorates upon
                  | taking damage. [an orb of fire]
 66110 | Zot:5    | Noticed an ancient lich
 66111 | Zot:5    | Noticed an ancient lich
 66112 | Zot:5    | Noticed a dread lich
 66112 | Zot:5    | Noticed an orb of fire
 66365 | Zot:5    | Gained mutation: Your body often deteriorates upon taking
                  | damage. [an orb of fire]
 66373 | Zot:5    | Lost mutation: You have a pair of large horns on your head.
                  | [an orb of fire]
 66374 | Zot:5    | Gained mutation: You occasionally lose the ability to read
                  | scrolls when taking damage. [an orb of fire]
 66378 | Zot:5    | Killed an orb of fire
 66384 | Zot:5    | Lost mutation: Your health recovers twice as slowly from
                  | being drained. [potion of mutation]
 66384 | Zot:5    | Lost mutation: You are partially covered in iridescent
                  | scales. (AC +2) [potion of mutation]
 66384 | Zot:5    | Gained mutation: You are resistant to electric shocks.
                  | (rElec) [potion of mutation]
 66445 | Zot:5    | Lost mutation: You are clumsy. (Dex -2) [potion of
                  | mutation]
 66445 | Zot:5    | Lost mutation: Your body often deteriorates upon taking
                  | damage. [potion of mutation]
 66445 | Zot:5    | Lost mutation: Your flesh is heat resistant. (rF+) [potion
                  | of mutation]
 66445 | Zot:5    | Gained mutation: Your health recovers twice as slowly from
                  | being drained. [potion of mutation]
 66445 | Zot:5    | Gained mutation: Your spells are a little easier to cast,
                  | but a little less powerful. [potion of mutation]
 66445 | Zot:5    | Gained mutation: You have a pair of large horns on your
                  | head. [potion of mutation]
 66449 | Zot:5    | Lost mutation: You have a pair of large horns on your head.
                  | [potion of mutation]
 66449 | Zot:5    | Lost mutation: Your spells are a little easier to cast, but
                  | a little less powerful. [potion of mutation]
 66449 | Zot:5    | Lost mutation: Your body sometimes deteriorates upon taking
                  | damage. [potion of mutation]
 66449 | Zot:5    | Gained mutation: You occasionally lose the ability to drink
                  | potions when taking damage. [potion of mutation]
 66449 | Zot:5    | Lost mutation: You are resistant to electric shocks.
                  | (rElec) [potion of mutation]
 66449 | Zot:5    | Gained mutation: You are vulnerable to cold. (rC-) [potion
                  | of mutation]
 66450 | Zot:5    | Lost mutation: You are vulnerable to cold. (rC-) [potion of
                  | mutation]
 66450 | Zot:5    | Lost mutation: Your health recovers twice as slowly from
                  | being drained. [potion of mutation]
 66450 | Zot:5    | Gained mutation: You are vulnerable to heat. (rF-) [potion
                  | of mutation]
 66451 | Zot:5    | Lost mutation: You are vulnerable to heat. (rF-) [potion of
                  | mutation]
 66451 | Zot:5    | Lost mutation: You occasionally lose the ability to read
                  | scrolls when taking damage. [potion of mutation]
 66451 | Zot:5    | Lost mutation: You occasionally lose the ability to drink
                  | potions when taking damage. [potion of mutation]
 66451 | Zot:5    | Gained mutation: You are dopey. (Int -2) [potion of
                  | mutation]
 66451 | Zot:5    | Gained mutation: Your muscles are strong. (Str +4, Int/Dex
                  | -1) [potion of mutation]
 66534 | Zot:5    | Gained mutation: You have hidden genetic defects. [an orb
                  | of fire]
 66535 | Zot:5    | Gained mutation: You occasionally shout uncontrollably at
                  | your foes. [an orb of fire]
 66537 | Zot:5    | Gained mutation: Your body sometimes deteriorates upon
                  | taking damage. [an orb of fire]
 66546 | Zot:5    | Killed an orb of fire
 66569 | Zot:5    | Killed an ancient lich
 66624 | Zot:5    | Killed an ancient lich
 66625 | Zot:5    | Reached skill level 15 in Armour
 66707 | Zot:5    | Killed a dread lich
 66775 | Zot:5    | Got the Orb of Zot
 67217 | D:$      | Escaped with the Orb!

Illustrated notes

Levels and vault maps discovered:
D:1:      amcnicky_arrival_blooded_trapdoor, layout_basic, chequers_arboretum
D:2:      layout_loops_cross, minmay_hexomino_r4
D:3:      layout_basic, trog_book, ebering_ecumenical_altar_webs,
          hangedman_decor_points
D:4:      layout_loops_corners, nicolae_qazlal_style_of_elements
D:5:      layout_basic, uniq_pikel
D:6:      layout_loops_ring, mainiacjoe_overflow_concentric_impassable,
          nicolae_elyvilon_temple_path, uniq_sigmund, uniq_blork_the_orc
D:7:      layout_cave_pools, minitemple, minmay_temple_entry_arrows,
          serial_shops, shop, nicolae_shop_advertising_works
          [nicolae_subvault_shop_adworks], shop, shop,
          nicolae_shop_gibbet_a_chance, nicolae_alphabet_shops
D:8:      layout_basic, fedhas_bush_and_centaur_altar,
          mainiacjoe_overflow_alcove_1, minivault_21
D:9:      layout_irregular_city, due_lair_maze_entry_diamond
D:10:     layout_basic, mainiacjoe_overflow_six_doors_small, lightli_minifort,
          uniq_snorg, uniq_harold, uniq_maggie
D:11:     layout_loops_ring, david_orc_4, hellmonk_ghost_big_iron,
          grunt_decor_arrowhead
D:12:     layout_rooms
D:13:     kennysheep_seaside_town, layout_long_grid
D:14:     layout_rooms, erik_vaults_1, serial_shops, shop,
          yredelemnul_altar_generic, nicolae_elevator_lobby_plus, uniq_agnes
D:15:     grunt_enter_depths_magical_seal, layout_small_grid,
          nicolae_twisty_statue_hallways
Temple:   nicolae_temple_god_jail
Lair:1:   layout_chaotic_city, lemuel_fruit_tree, serial_bayou_shore_b
Lair:2:   layout_chaotic_city, spider_nest_entry_a, serial_bayou_shore_b,
          grunt_megastairs_2
Lair:3:   layout_cave_pods, nicolae_shoals_entry_roost, beast_lair_carwin_2
Lair:4:   layout_hall_layers, slime_entry_1, minmay_holes
Lair:5:   hellmonk_lair_end_abyssal_woods, layout_gridlike,
          nicolae_lair_grove_arrangements, eino_small_chamber_without_monster
Shoals:1: layout_shoals
Shoals:2: layout_shoals, nicolae_shoals_arrival_archipelago, uniq_ilsuiw,
          uniq_nikola
Shoals:3: layout_shoals, nicolae_shoals_cliffside_cave, nzn_prometheus_bound
Shoals:4: shoals_end_hangedman, layout_shoals, shoals_ilsuiw_alternative,
          serial_shops, shop, nicolae_shoals_lost_giant_amphitheater,
          uniq_louise, uniq_polyphemus, uniq_roxanne
Spider:1: layout_spider_delve, uniq_mlioglotl
Spider:2: layout_spider_delve, spiders_nest_spider_trap
Spider:3: layout_spider_delve
Spider:4: grunt_spider_rune_circles, nicolae_spider_not_touching_you
Slime:1:  layout_caves
Slime:2:  layout_caves
Slime:3:  layout_caves
Slime:4:  layout_caves
Slime:5:  slime_pit_nicolae_block_by_block
Orc:1:    layout_caves, gammafunk_ghost_necromancy, portal_ice_cave_rime,
          nicolae_orc_crystal_seam, nicolae_orc_crystal_geode
Orc:2:    pubby_orc_utopia, serial_shops, uniq_sonja
Elf:1:    nicolae_elf_arrival_dilemma, layout_geoelf_grid,
          nicolae_elf_shapeshifter_party
Elf:2:    nicolae_elf_blades_splatter_lattice [nooodl_blade_entry_preview],
          layout_geoelf_grid, minivault_16, drop_trap, minivault_28,
          uniq_asterion, uniq_norris
Elf:3:    elf_hall_gauntlet_narrow, layout_geoelf_castle, uniq_mara
Vaults:1: hangedman_vaults_river_flow, vaults_room_corners,
          nicolae_vaults_sesquioval_fish, nicolae_vaults_network_s, v_misc_4,
          hangedman_vaults_stretched_pinwheel, v_misc_26, v_misc_17,
          layout_vaults_omnigrid
Vaults:2: v_alt_pattern_4, nicolae_vaults_offset_grid_hallway_3,
          nicolae_vaults_variable_pillar_hall_cross, nicolae_vaults_apartment_2,
          blue_anna_dwarven_crypt, ontoclasm_vaults_misaligned,
          ontoclasm_vaults_pinch, nicolae_vaults_shipping_containers_2,
          ontoclasm_vaults_spin, nicolae_vaults_apartment_1,
          layout_vaults_big_room, serial_shops, shop, uniq_bai_suzhen
Vaults:3: vaults_room_corners, ontoclasm_vaults_ligature,
          nicolae_vaults_offset_grid_hallway_4, nicolae_vaults_little_squares_2,
          nicolae_vaults_shelves_hall, nicolae_vaults_house_3,
          nicolae_vaults_little_squares_5, vaults_standard_mumra_lines,
          nicolae_vaults_weapon_check, nicolae_vaults_two_Ls,
          vaults_room_semicircle, nicolae_vaults_rhombus_5, v_misc_27,
          layout_vaults_maze_snakey, uniq_boris
Vaults:4: portal_desolation_entry_nicolae_slug, nicolae_vaults_tetromino_L_1,
          kennysheep_ogre_elephant_herders, grunt_vaults_trifunnel,
          nicolae_vaults_storage_room_water, nicolae_vaults_trapezoid_1,
          hangedman_vaults_trim, v_misc_1,
          vaults_standard_mumra_enter_the_diamond, vaults_mumra_chevron,
          nicolae_vaults_trapezoid_lopsided_3, layout_vaults_omnicross
Vaults:5
Crypt:1:  layout_catacombs, uniq_zenata, uniq_margery
Crypt:2:  layout_rooms, ebering_ghost_gozag, roderic_lattice_octagonal_star,
          uniq_donald
Crypt:3:  grunt_crypt_end_deaths_head, uniq_josephina
Depths:1: layout_cave_pools, hell_entry, ashenzari_conservatory_becter,
          firewood_loft
Depths:2: nicolae_hexawheel, layout_basic, hell_entry, rand_demon_pan_entry_9,
          chequers_serial_rivers_large_a
Depths:3: kennysheep_green_arena, layout_cave_pools, enter_ziggurat_e,
          hell_entry, kennysheep_small_spiral, abyss_entry,
          nzn_hepliaklqana_mist_gate
Depths:4: grunt_zot_entry_funnels, layout_cave_pools, rand_demon_pan_entry_8,
          hell_entry
Zot:1:    dreamdust_zin_vs_xom, layout_basic
Zot:2:    layout_misc_corridors
Zot:3:    layout_basic, regret_index_zotdec_slimy_original,
          nicolae_transmutations_shop, uniq_grunn
Zot:4:    layout_gridlike
Zot:5:    layout_onion, st_stairs_9

Skill      XL: |  1  2  3  4  5  6  7  8  9 10 11 12 13 14 15 16 17 18 19 20 21 22 23 24 25 26 |
---------------+-------------------------------------------------------------------------------+-----
Fighting       | 2 3 4 5 6 7 8 9 11 12 13 14 15 17 19 20 21 23 25 27 | 27.0
Maces & Flails | 1 |  1.1
Armour         | 1 4 9 11 12 15 | 15.1
Long Blades    | 1 2 3 5 6 8 9 10 11 12 13 14 16 | 16.9
Throwing       | 1 |  1.0
Dodging        | 3 5 6 7 8 9 11 12 13 15 16 19 20 21 22 | 22.5
Stealth        | 3 4 5 6 7 8 9 10 11 12 14 | 14.2
Shields        | 3 5 7 9 10 11 13 17 19 20 21 22 23 25 27 | 27.0
Invocations    | 1 3 5 7 8 9 10 11 | 11.0
Evocations     | 3 5 6 |  6.3
Translocations | 4 6 |  6.9
Spellcasting   | 4 6 8 9 |  9.9
Summonings     | 7 9 |  9.8
Fire Magic     | 5 10 11 | 11.3
Ranged Weapons | 1 |  1.3
Earth Magic    | 10 | 10.5
Conjurations   | |  0.6
Alchemy        | |  2.1

Action                     |  1- 3 |  4- 6 |  7- 9 | 10-12 | 13-15 | 16-18 | 19-21 | 22-24 | 25-27 || total
---------------------------+-------+-------+-------+-------+-------+-------+-------+-------+-------++-------
  Melee: Unarmed           |    22 |       |       |       |       |       |       |       |       ||    22
         Headbutt          |    13 |     5 |    19 |    92 |   234 |   561 |   725 |  1064 |   396 ||  3109
         Mace              |    47 |       |       |       |       |       |       |       |       ||    47
         Long sword        |    22 |    71 |   162 |   494 |  1009 |  1937 |  2365 |  2767 |       ||  8827
         Punch             |       |       |     1 |    11 |    14 |       |       |       |       ||    26
         Dagger            |       |       |       |       |    18 |    21 |    13 |       |       ||    52
         Short sword       |       |       |       |       |     7 |    23 |    22 |       |       ||    52
         Double sword      |       |       |       |       |       |       |       |    63 |  1001 ||  1064
  Throw: Javelin           |       |     5 |     1 |       |       |       |       |       |       ||     6
         Dart              |       |       |     3 |     6 |       |    11 |       |       |       ||    20
         Throwing net      |       |       |       |       |     3 |     6 |     6 |     6 |     4 ||    25
   Cast: Sting             |     1 |       |       |       |       |       |       |       |       ||     1
         Lesser Beckoning  |       |       |       |       |       |    40 |    32 |   127 |   129 ||   328
         Sticky Flame      |       |       |       |       |       |       |       |   142 |   174 ||   316
         Manifold Assault  |       |       |       |       |       |       |       |     2 |       ||     2
         Summon Blazeheart |       |       |       |       |       |       |       |     1 |       ||     1
         Passwall          |       |       |       |       |       |       |       |       |     3 ||     3
 Invoke: Shadow Step       |       |       |       |       |     3 |       |       |       |     1 ||     4
         Shadow Form       |       |       |       |       |       |       |       |     1 |       ||     1
Ability: Evoke Blink       |       |       |       |       |       |     1 |     1 |     1 |       ||     3
         End Transformatio |       |       |       |       |       |       |       |     1 |       ||     1
  Evoke: Wand              |       |       |    12 |    10 |     6 |     5 |     8 |     9 |     9 ||    59
         Lightning rod     |       |       |       |     6 |     5 |     9 |     6 |     4 |     7 ||    37
         Condenser vane    |       |       |       |       |     3 |     4 |     5 |     3 |     1 ||    16
         Sack of spiders   |       |       |       |       |     2 |     3 |     2 |     1 |     2 ||    10
         Phantom mirror    |       |       |       |       |       |       |     2 |     1 |     1 ||     4
         Phial of floods   |       |       |       |       |       |       |     1 |     1 |     2 ||     4
    Use: Scroll            |     4 |     5 |    10 |     8 |     8 |    12 |    15 |    24 |     9 ||    95
         Potion            |       |     1 |     1 |     9 |     5 |    18 |    11 |    10 |    21 ||    76
   Stab: Sleeping          |     3 |     2 |     8 |    17 |    74 |    41 |    52 |    13 |     9 ||   219
         Distracted        |       |       |       |     1 |     4 |    14 |    13 |     3 |     2 ||    37
         Held in net/web   |       |       |       |       |     4 |     5 |     4 |     2 |     1 ||    16
         Petrified         |       |       |       |       |     2 |     4 |       |       |       ||     6
         Invisible         |       |       |       |       |     6 |    12 |       |     1 |       ||    19
         Paralysed         |       |       |       |       |     1 |       |       |       |       ||     1
         Confused          |       |       |       |       |       |     1 |     1 |       |       ||     2
 Armour: Robe              |    52 |    35 |    38 |       |       |       |       |       |       ||   125
         Steam dragon scal |       |       |    74 |    72 |       |       |       |       |       ||   146
         Skin              |       |       |       |    28 |       |       |       |       |       ||    28
         Swamp dragon scal |       |       |       |    60 |       |       |       |       |       ||    60
         Troll leather arm |       |       |       |   114 |   631 |   745 |   660 |   616 |       ||  2766
         Quicksilver drago |       |       |       |       |       |       |       |   228 |   323 ||   551
  Dodge: Dodged            |    61 |    36 |   106 |   374 |  1026 |   926 |   678 |  1092 |   282 ||  4581
  Block: Tower shield      |       |       |       |       |    59 |  2997 |  2502 |  3812 |  1166 || 10536
